 Dungeon Crawl Stone Soup version 0.30-a0-860-g512cf1e979 (webtiles) character file.

Game seed: 16237965031806922250

79 Lobster4 the Conjurer (level 4, -1/35 HPs)
             Began as a Draconian Conjurer on Mar 7, 2023.
             Succumbed to a gnoll's poison
             ... on level 3 of the Dungeon.
             The game lasted 00:04:50 (2991 turns).

Lobster4 the Conjurer (Draconian Conjurer)          Turns: 2991, Time: 00:04:50

Health: -1/35      AC:  5    Str:  9    XL:     4   Next: 16%
Magic:  4/7        EV: 12    Int: 21    God:
Gold:   175        SH:  0    Dex:  9    Spells: 5/8 levels left

rFire   . . .      SeeInvis .    b - +0 hand axe
rCold   . . .      Faith    .    (no shield)
rNeg    . . .      Spirit   .    (body armour unavailable)
rPois   .          Reflect  .    (helmet restricted)
rElec   .          Rampage  .    (no cloak)
rCorr   .                        (no gloves)
Will    .....                    (no boots)
Stlth   ++                       (no amulet)
HPRegen 0.25/turn                (no ring)
MPRegen 0.10/turn                (no ring)

@: mighty, lethally poisoned (-1 -> -13), attractive
A: AC +5, unfitting armour, cold-blooded
a: no special abilities


You were on level 3 of the Dungeon.
You visited 1 branch of the dungeon, and saw 4 of its levels.

You collected 175 gold pieces.

Inventory:

Hand Weapons
 b - a +0 hand axe (weapon)
 j - a +0 war axe
Scrolls
 d - 3 scrolls of immolation
 e - a scroll of fog
 f - 5 scrolls of identify {unknown}
 g - 2 scrolls of poison {unknown}
 h - a scroll of blinking {unknown}
 k - a scroll of vulnerability {unknown}
Potions
 a - a potion of magic
 i - a potion of might
 l - a potion of resistance {unknown}
 m - a potion of mutation {unknown}
 n - a potion of curing {unknown}
 o - a potion of flight {unknown}
 p - a potion of brilliance {unknown}


   Skills:
 + Level 1.4 Fighting
 + Level 0.5 Axes
 + Level 2.4 Dodging
 + Level 2.4 Stealth
 + Level 2.5 Spellcasting
 + Level 4.3 Conjurations


You had 5 spell levels left.
You knew the following spells:

 Your Spells              Type           Power      Damage    Failure   Level
a - Magic Dart            Conj           84%        1d7       2%          1
b - Searing Ray           Conj           42%        2d6       3%          2

Your spell library contained the following spells:

 Spells                   Type           Power      Damage    Failure   Level
 Apportation              Tloc           4%         N/A       14%         1
 Freeze                   Ice            8%         1d3       14%         1
 Necrotise                Necr           8%         1d4       14%         1
 Summon Small Mammal      Summ           8%         N/A       14%         1
 Dazzling Flash           Conj/Hex       22%        N/A       17%         3
 Hailstorm                Conj/Ice       11%        3d5       17%         3
 Frozen Ramparts          Ice            4%         1d1       38%         3
 Tukima's Dance           Hex            2%         N/A       38%         3
 Fulminant Prism          Conj/Hex       5%         3d7       50%         4
 Iskenderun's Mystic Bla  Conj/Tloc      11%        2d4       50%         4
 Passage of Golubria      Tloc           2%         N/A       80%         4
 Yara's Violent Unravell  Hex/Tmut       1%         3d3       98%         5


Dungeon Overview and Level Annotations

Branches:
Dungeon (4/15)
 Temple: D:4-7

Altars:
Uskayaw
Wu Jian

Shops:
D:3 *


Innate Abilities, Weirdness & Mutations

Your plain brown scales are hard. (AC +5)
You cannot fit into any form of body armour.
You are cold-blooded and may be slowed by cold attacks.


Message History

The searing ray hits the gnoll.
The gnoll is moderately wounded.
The gnoll shouts! (Press . to maintain the ray.)
You hear a bark!
The jackal barks!
You hear a bark! x2
A jackal comes into view.
A gnoll comes into view. It is wielding a +0 spear.
The searing ray hits the gnoll but does no damage.
The gnoll is moderately wounded.
The searing ray hits the gnoll.
The gnoll is moderately wounded.
The gnoll shouts!
A gnoll comes into view. It is wielding a +0 whip.
The searing ray hits the gnoll.
The gnoll is heavily wounded.
The searing ray hits the gnoll!
The gnoll is heavily wounded.
A jackal comes into view. x2
The gnoll attacks as you move away!
The gnoll hits you with a +1 flail of venom.
You are poisoned.
You feel very sick.
There is a stone staircase leading up here.
You feel very sick.
The gnoll hits you with a +1 flail of venom!
You climb upwards.
You feel sick.
There is a stone staircase leading down here.
Okay, then.
As you read the scroll labelled KOOSE ZATH, it crumbles to dust.
The scroll dissolves into smoke.
It was a scroll of fog.
You feel sick.
The gnoll hits you with a +1 flail of venom.
* * * LOW HITPOINT WARNING * * *
You are lethally poisoned!
It was a potion of might.
You feel very mighty all of a sudden.
* * * LOW HITPOINT WARNING * * *
You feel very sick. The gnoll barely misses you.
It was a potion of attraction.
You feel attractive to monsters.
You die...

###########.......⌠....####.#..
#.........#............# #.#.#
##.#.#.#.#.....#.8...8.## ##.#.#
#.........#######.....## #....#
##.[.....## ###...## ###..###
#.....>...# #....## ##....###
##.......########..#####........
#.............§§g§..............
##.......#...§§@§§.........#####
#...........##§§§#####....###.<.
##.#.#.#.##.##.#§§......#.##..##
###.######.##'###+#.####....##
#........##.....#.# ######
########.##.≈≈≈.#.# #..#.....#.#
##.'.._..'.# #.#.....###


You could see a gnoll.

Vanquished Creatures
  3 worms
  5 dart slugs
  2 ball pythons
  8 endoplasms
  A giant cockroach (D:2)
  8 hobgoblins
  2 quokkas
  2 bats
  2 frilled lizards
  9 goblins
  6 kobolds
  8 rats
56 creatures vanquished.

Notes
Turn   | Place    | Note
-------+----------+-------------------------------------------
     0 | D:1      | Lobster4 the Draconian Conjurer began the quest for the
                  | Orb.
     0 | D:1      | Reached XP level 1. HP: 14/14 MP: 3/3
   387 | D:1      | Reached XP level 2. HP: 16/22 MP: 0/5
   390 | D:1      | Learned a level 2 spell: Searing Ray
   758 | D:1      | Reached skill level 1 in Fighting
  1099 | D:2      | Found a faded altar of an unknown god.
  1226 | D:2      | Reached XP level 3. HP: 28/28 MP: 4/6
  1780 | D:2      | Found a hide-covered altar of Uskayaw.
  2224 | D:3      | Found Costaec's General Store.
  2670 | D:3      | Found an ornate altar of the Wu Jian Council.
  2674 | D:3      | Reached XP level 4. HP: 35/35 MP: 2/7
  2990 | D:3      | HP: 1/35 [poisoned by a gnoll]
  2991 | D:3      | Succumbed to a gnoll's poison

Illustrated notes

Levels and vault maps discovered:
D:1:      dpeg_arrival_refuge, layout_loops_ring
D:2:      layout_loops_ring, hellmonk_ecumenical_altar_blasted, basic_altar,
          feat_on_display
D:3:      minmay_skewed_foursquare, layout_rooms,
          mainiacjoe_overflow_six_doors_small, serial_shops, shop_statue,
          wad_floor_pattern_untrapped, st_stairs_4
D:4:      layout_rooms, mainiacjoe_overflow_brackets, dk_rats_in_the_wall

Skill      XL: |  1  2 |
---------------+-------+-----
Stealth        | 2 |  2.4
Dodging        | 2 |  2.4
Fighting       | 1 |  1.4
Axes           | |  0.5
Spellcasting   | |  2.5
Conjurations   | |  4.3

Action                     |  1- 3 |  4- 6 || total
---------------------------+-------+-------++-------
  Melee: Hand axe          |    22 |       ||    22
         Tailslap          |     5 |       ||     5
         Punch             |     1 |       ||     1
   Cast: Magic Dart        |    91 |     6 ||    97
         Searing Ray       |     3 |     2 ||     5
    Use: Potion            |       |     2 ||     2
         Scroll            |       |     1 ||     1
 Armour: Skin              |     7 |       ||     7
  Dodge: Dodged            |    14 |     1 ||    15

Table legend: (Time is in decaauts)
 A = Elapsed time spent in this place.
 B = Non-inter-level travel time spent in this place.
 C = Inter-level travel time spent in this place.
 D = Time resting spent in this place.
 E = Time spent auto-exploring this place.
 F = Levels seen in this place.
 G = Mean time per level.
                   A        B        C        D        E       F      G
               +--------+--------+--------+--------+--------+-----+--------+
         Total |   2996 |   2881 |    115 |     23 |   2496 |   4 |  749.0 |
       Dungeon |   2996 |   2881 |    115 |     23 |   2496 |   4 |  749.0 |
               +--------+--------+--------+--------+--------+-----+--------+

Top non-repeatable levels by time:
     D:1: 1024 daAuts
     D:3: 975 daAuts
     D:2: 934 daAuts
     D:4: 62 daAuts
